[Event "Late-Titled-Tuesday-Blitz-December-26-2023"]
[Site "Chess.com"]
[Date "2023.12.26"]
[Round "11"]
[White "Dr_crypt"]
[Black "dennisodessa"]
[Result "1-0"]
[WhiteElo "2395"]
[BlackElo "2496"]
[TimeControl "180+1"]
[EndTime "16:01:48 PST"]
[Termination "Dr_crypt won by resignation"]

1. e4 e6 2. d4 d5 3. exd5 exd5 4. Bd3 Nf6 5. Bg5 Be7 6. Nf3 O-O 7. O-O Bg4 8. h3 Bh5 9. Nbd2 Nbd7 10. c3 Re8 11.
Qb3 Qc8 12. Rfe1 c6 13. Bf5 Bg6 14. Bxg6 hxg6 15. Ne5 b6 16. Re3 Nh7 17. Bxe7 Rxe7 18. Rae1 Nxe5 19. Rxe5 Rxe5 20. Rxe5 Qd7 21. Qa3 a5 22. Re7 Qd8 23. Nf3 Nf8 24. Ne5 c5 25. Rxf7 Qd6 26. Qa4 Re8 27. Qxe8 1-0

[Event "Late-Titled-Tuesday-Blitz-December-26-2023"]
[Site "Chess.com"]
[Date "2023.12.26"]
[Round "11"]
[White "UK_23"]
[Black "nassimzrikem"]
[Result "0-1"]
[WhiteElo "2330"]
[BlackElo "2273"]
[TimeControl "180+1"]
[EndTime "16:02:05 PST"]
[Termination "nassimzrikem won by checkmate"]

1. e4 e5 2. Nf3 Nc6 3. d4 exd4 4. Nxd4 Nf6 5. Nxc6 bxc6 6. Nd2 d5 7. exd5 cxd5 8.
Bd3 Bd6 9. O-O O-O 10. h3 c5 11.
c4 Bb7 12. b3 d4 13. Re1 Re8 14. Nf1 h6 15. a3 Qb6 16. Bd2 Qc6 17. f3 a5 18. Qc2 Qc7 19. Rxe8+ Rxe8 20. Re1 Rb8 21. Rb1 Bc6 22. Qd1 Nh5 23. Qe1 Nf4 24. Bxa5 Qa7 25. Be4 Re8 26. Qd2 Bxe4 27. fxe4 Rxe4 28. Ng3 Re3 29.
Nf5 Re2 30. Qd1 Rxg2+ 31. Kh1 Qa8 32. Nxd6 Rh2+ 33. Kxh2 Qg2# 0-1

[Event "Late-Titled-Tuesday-Blitz-December-26-2023"]
[Site "Chess.com"]
[Date "2023.12.26"]
[Round "11"]
[White "GothamChess"]
[Black "Kiborg95"]
[Result "0-1"]
[WhiteElo "2683"]
[BlackElo "2850"]
[TimeControl "180+1"]
[EndTime "16:02:08 PST"]
[Termination "Kiborg95 won by resignation"]

1. e4 d6 2. d4 Nf6 3. Nc3 Nbd7 4. h3 e5 5. Nge2 h5 6. g3 c6 7.
Bg2 b5 8. Bg5 Bb7 9. a3 Be7 10.
O-O O-O 11. dxe5 dxe5 12. Qd2 a5 13. Rad1 Qc7 14. Qc1 Rfd8 15. Bf3 g6 16. Bg2 Nc5 17. Rxd8+ Rxd8 18. Rd1 b4 19. axb4 axb4 20. Na2 Ncxe4 21. Bxe4 Nxe4 22. Bxe7 Rxd1+ 23. Qxd1 Qxe7 24. c3 c5 25. h4 Qf6 26. f4 Nxg3 27. Nxg3 Qxh4 28. Qd3 exf4 29.
Nf1 Qh1+ 30. Kf2 Qg2+ 31. Ke1 Qxb2 32. Qd8+ Kg7 33. Nxb4 Qxc3+ 34. Kf2 cxb4 35. Nd2 Qe3+ 36. Kf1 Ba6+ 37. Kg2 Qg3+ 38. Kh1 Bb7+ 0-1

[Event "Late-Titled-Tuesday-Blitz-December-26-2023"]
[Site "Chess.com"]
[Date "2023.12.26"]
[Round "11"]
[White "TanitoluwaAps116"]
[Black "GMKrikor"]
[Result "1-0"]
[WhiteElo "2780"]
[BlackElo "2827"]
[TimeControl "180+1"]
[EndTime "16:02:12 PST"]
[Termination "TanitoluwaAps116 won by resignation"]

1. e4 e6 2. d4 d5 3. exd5 exd5 4. Nf3 Nc6 5. Nc3 Bb4 6. Bd3 Nge7 7. O-O O-O 8. Re1 Bf5 9. Bf4 Bxc3 10. bxc3 Qd7 11. Rb1 b6 12. Bb5 Be6 13. Ne5 Qe8 14. c4 a6 15. Bxc6 Nxc6 16. cxd5 Bxd5 17. c4 Be6 18. d5 Nxe5 19. Rxe5 Rd8 20. Qe2 Bf5 21. Rxe8 Rfxe8 22. Qb2 Bxb1 23. Qxb1 b5 24. Bxc7 Rd7 25. d6 bxc4 26. Kf1 c3 27. Qc2 1-0

[Event "Late-Titled-Tuesday-Blitz-December-26-2023"]
[Site "Chess.com"]
[Date "2023.12.26"]
[Round "11"]
[White "enriquetejedor"]
[Black "Nf3c5"]
[Result "1-0"]
[WhiteElo "2711"]
[BlackElo "2514"]
[TimeControl "180+1"]
[EndTime "16:02:12 PST"]
[Termination "enriquetejedor won on time"]

1. Nf3 d5 2. c4 d4 3. b4 f6 4. e3 e5 5. exd4 exd4 6. c5 a5 7. Bc4 axb4 8. O-O Bxc5 9. Nh4 g6 10. Qb3 Kf8 11. d3 Kg7 12. Nd2 Ne7 13. Ne4 b6 14.
a3 Nbc6 15. Qc2 bxa3 16. Qd2 h6 17. Nxc5 bxc5 18. Bxa3 Ra5 19. Rfe1 Re8 20. Bc1 g5 21. Rxa5 Nxa5 22. Qxa5 gxh4 23. Qxc5 Nf5 24. Rf1 Qd6 25. Ba3 Bd7 26. Qa5 Qf4 27. Qd5 Be6 28. Qc6 Bxc4 29.
Qxe8 Bxd3 30. Bf8+ Kh7 31. Qf7+ Kh8 32. Qxf6+ Kg8 33. Re1 Be4 34. Bc5 Qg4 35. Qe6+ 1-0

[Event "Late-Titled-Tuesday-Blitz-December-26-2023"]
[Site "Chess.com"]
[Date "2023.12.26"]
[Round "11"]
[White "Hikaru"]
[Black "baag"]
[Result "1-0"]
[WhiteElo "3211"]
[BlackElo "2860"]
[TimeControl "180+1"]
[EndTime "16:02:14 PST"]
[Termination "Hikaru won by resignation"]

1. Nf3 Nf6 2. e3 b6 3. b3 Bb7 4.
Bb2 e6 5. g3 Be7 6. Bg2 O-O 7.
O-O c5 8. d3 d5 9. Nbd2 Nc6 10.
e4 b5 11. Re1 Re8 12. e5 Nd7 13. h4 a5 14. h5 a4 15. h6 a3 16. Bc1 g6 17. Nb1 b4 18. Bh3 Bf8 19. Bg5 Qc7 20. Bf4 Nd4 21. Nbd2 Nxf3+ 22. Nxf3 c4 23. d4 Rac8 24.
Bf1 cxb3 25. cxb3 Qc2 26. Bb5 Qxd1 27. Rexd1 Bc6 28. Ba6 Ra8 29. Bd3 Rec8 30. Rac1 Bb7 31. Bb5 Nb6 32. Nh2 Be7 33. Ng4 Rxc1 34. Rxc1 Rc8 35. Nf6+ Kh8 36. Ne8 Rxc1+ 37. Bxc1 Nc8 38. Bf4 Na7 39. Bf1 Kg8 40. Nd6 Bc6 41. Bd2 Bd7 42. Bxb4 Nc6 43. Bc5 Bg5 44. b4 Bxh6 45. b5 Nb8 46. Ba7 1-0

[Event "Late-Titled-Tuesday-Blitz-December-26-2023"]
[Site "Chess.com"]
[Date "2023.12.26"]
[Round "11"]
[White "laskakid"]
[Black "aranibos"]
[Result "1-0"]
[WhiteElo "2364"]
[BlackElo "2175"]
[TimeControl "180+1"]
[EndTime "16:02:21 PST"]
[Termination "laskakid won by resignation"]

1. d4 Nf6 2. c4 c5 3. d5 b5 4. cxb5 a6 5. e3 Bb7 6. Nc3 g6 7. a4 axb5 8. Bxb5 Bg7 9. Nf3 O-O 10. O-O Na6 11. e4 d6 12. Ra3 Nc7 13. Bd3 e6 14.
dxe6 fxe6 15. Re1 Bc6 16. Bg5 Qe8 17. Bc2 Rd8 18. a5 h6 19. Bh4 g5 20. Bg3 e5 21.
Ba4 Ne6 22. Bxc6 Qxc6 23. Nd5 Rf7 24. Qa4 Qa6 25. Rb3 Nxd5 26. exd5 Nd4 27. Nxd4 cxd4 28. Rb6 Qa8 29. Qb5 Rc7 30. a6 Rc5 31. Qb3 Qa7 32. Ra1 Rdc8 33. h4 Rc1+ 34. Rxc1 Rxc1+ 35. Kh2 Ra1 36. Rb8+ Kf7 37. Rb7+ 1-0

[Event "Late-Titled-Tuesday-Blitz-December-26-2023"]
[Site "Chess.com"]
[Date "2023.12.26"]
[Round "11"]
[White "ilushka"]
[Black "Bryanl106"]
[Result "0-1"]
[WhiteElo "2461"]
[BlackElo "2576"]
[TimeControl "180+1"]
[EndTime "16:02:22 PST"]
[Termination "Bryanl106 won on time"]

1. Nf3 Nf6 2. g3 g6 3. b3 Bg7 4. Bb2 O-O 5. Bg2 d6 6. d4 a5 7. c4 a4 8. O-O c6 9. Re1 Qa5 10. Qd2 Ne4 11. Qxa5 Rxa5 12. Nfd2 Nxd2 13. Nxd2 c5 14.
e3 Nc6 15. Bc3 Ra8 16. Bxc6 bxc6 17. Rec1 cxd4 18. Bxd4 e5 19. Bc3 Bf5 20. e4 Be6 21. f4 Rfb8 22. fxe5 Bxe5 23. Bxe5 dxe5 24. Kf2 f6 25.
Ke3 Kf7 26. Kd3 Ke7 27. Kc3 Rd8 28. Nf1 Rd4 29. Rd1 axb3 30. axb3 Rxa1 31. Rxa1 Rxe4 32. Ra7+ Bd7 33. Kb4 Re2 34. h4 f5 35. Kc5 f4 36.
gxf4 exf4 37. b4 Rf2 38. b5 cxb5 39. cxb5 Rxf1 40. b6 Rb1 41. b7 f3 42. Ra3 Rb5+ 0-1

[Event "Late-Titled-Tuesday-Blitz-December-26-2023"]
[Site "Chess.com"]
[Date "2023.12.26"]
[Round "11"]
[White "MPCandelario"]
[Black "Maitreia"]
[Result "0-1"]
[WhiteElo "2664"]
[BlackElo "2734"]
[TimeControl "180+1"]
[EndTime "16:02:23 PST"]
[Termination "Maitreia won on time"]

1. e4 c5 2. Nf3 g6 3. d4 cxd4 4. Nxd4 Bg7 5. Nc3 Nc6 6. Be3 Nf6 7. Bc4 O-O 8. Bb3 a5 9. O-O a4 10. Nxa4 Nxe4 11. Nb5 d5 12. c3 e6 13. Nc5 Nd6 14. Qe2 b6 15. Nxd6 Qxd6 16. Nd3 Ba6 17. Rfd1 d4 18.
cxd4 Nxd4 19. Bxd4 Qxd4 20. Qf3 Rad8 21. Nf4 Qxb2 22.
Rab1 Qc3 23. Qxc3 Bxc3 24. g3 Be5 25. Ng2 Bd4 26. Ne3 Be2 27. Re1 Bf3 28. Bc4 Bc5 29.
Bf1 Rd2 30. a4 Ra8 31. Bb5 Rad8 32. Rbc1 Ra2 33. h4 Rdd2 34. Bc4 Rxa4 35. Bb3 Ra3 36. Bd1 Bxe3 0-1

[Event "Late-Titled-Tuesday-Blitz-December-26-2023"]
[Site "Chess.com"]
[Date "2023.12.26"]
[Round "11"]
[White "egnfanclub"]
[Black "ExchangeAB"]
[Result "0-1"]
[WhiteElo "2377"]
[BlackElo "2507"]
[TimeControl "180+1"]
[EndTime "16:02:26 PST"]
[Termination "ExchangeAB won by resignation"]

1. e4 c6 2. d4 d5 3. exd5 cxd5 4. c4 Nf6 5. Nc3 e6 6. Nf3 Bb4 7. cxd5 Nxd5 8. Qc2 O-O 9. Bd3 h6 10. O-O Nc6 11. a3 Be7 12. Qe2 Nf6 13. Rd1 b6 14. Bf4 Bb7 15. Rac1 Nd5 16. Nxd5 Qxd5 17. Be4 Qd7 18.
Bxc6 Qxc6 19. Rxc6 Bxc6 20. Rc1 Bd5 21. Ne5 Rfc8 22.
Qd2 g5 23. Bg3 Kg7 24. f3 f6 25. Nd3 a5 26. h4 Kf7 27. Nf2 Bb7 28. hxg5 hxg5 29. Bc7 b5 30. Ne4 Bd5 31. Nd6+ Bxd6 32. Bxd6 a4 33. Rxc8 Rxc8 34. Qa5 Rc1+ 35. Kh2 Bc4 36.
Qc7+ Kg6 37. Qd8 e5 38. Qg8+ Bxg8 0-1

[Event "Late-Titled-Tuesday-Blitz-December-26-2023"]
[Site "Chess.com"]
[Date "2023.12.26"]
[Round "11"]
[White "attack2mateU"]
[Black "Camilla_Lee"]
[Result "1-0"]
[WhiteElo "2731"]
[BlackElo "2606"]
[TimeControl "180+1"]
[EndTime "16:02:31 PST"]
[Termination "attack2mateU won by resignation"]

1. e4 e5 2. Nf3 Nc6 3. Bc4 Nf6 4.
d3 Be7 5. O-O d6 6. Re1 O-O 7.
a4 h6 8. c3 a6 9. Nbd2 Be6 10. b4 Qd7 11. Bxe6 Qxe6 12. Rb1 b5 13. Ra1 g5 14. Nf1 Rfe8 15. Ng3 Bf8 16. h4 g4 17. Nh2 Kh7 18. f3 h5 19. Bg5 Be7 20.
Rf1 Rg8 21. f4 exf4 22. Rxf4 Nd7 23. axb5 axb5 24. Rxa8 Rxa8 25. Nxh5 Nde5 26. Nxg4 Bxg5 27. hxg5 Nxg4 28. Rxg4 Ra1 29. Qxa1 Qxg4 30. Nf6+ 1-0

[Event "Late-Titled-Tuesday-Blitz-December-26-2023"]
[Site "Chess.com"]
[Date "2023.12.26"]
[Round "11"]
[White "Msb2"]
[Black "German_Bazeev"]
[Result "1-0"]
[WhiteElo "3025"]
[BlackElo "2857"]
[TimeControl "180+1"]
[EndTime "16:02:35 PST"]
[Termination "Msb2 won by resignation"]

1. d4 d6 2. Nf3 Bg4 3. e4 Nf6 4. Nc3 e6 5. h3 Bh5 6. Qe2 Nc6 7. g4 Bg6 8. h4 h5 9. g5 Nd7 10. Bh3 Be7 11. O-O e5 12. d5 Ncb8 13. Be3 a6 14. a4 O-O 15. Nd2 Qe8 16. Nc4 f5 17. exf5 Bxf5 18. Bxf5 Rxf5 19. Ne4 g6 20. Ng3 Rf8 21. Rae1 b5 22. axb5 axb5 23. Nd2 Nb6 24. Bxb6 cxb6 25. f4 Ra4 26. Nde4 Nd7 27. f5 Nc5 28. f6 Bd8 29. b3 Rd4 30. f7+ Rxf7 31. Nxd6 Rxf1+ 32. Rxf1 Qd7 33. Qxe5 Rg4 34. Rf7 Qxf7 35.
Nxf7 Kxf7 36. Kf2 Nd7 37. Qe6+ 1-0

[Event "Late-Titled-Tuesday-Blitz-December-26-2023"]
[Site "Chess.com"]
[Date "2023.12.26"]
[Round "11"]
[White "SCIM"]
[Black "Onthequiet"]
[Result "1-0"]
[WhiteElo "2514"]
[BlackElo "2419"]
[TimeControl "180+1"]
[EndTime "16:02:39 PST"]
[Termination "SCIM won on time"]

1. d4 d5 2. c4 e6 3. Nf3 Nf6 4. g3 dxc4 5. Bg2 c6 6. O-O b5 7.
b3 cxb3 8. axb3 Bb7 9. Ne5 Be7 10. Nc3 a6 11. e4 O-O 12. Re1 Qc8 13. Bb2 Rd8 14.
Rc1 Nbd7 15. Nf3 c5 16. d5 Nf8 17. Qe2 b4 18. Na4 Qc7 19. d6 Bxd6 20. e5 Be7 21. exf6 gxf6 22. Nh4 Bxg2 23. Nxg2 Ng6 24. h4 Rd5 25. Ne3 Rdd8 26. Ng4 f5 27. Nf6+ Bxf6 28. Bxf6 Rd5 29. h5 Nf8 30. Qe3 f4 31. Qxf4 Qxf4 32.
gxf4 Rxh5 33. Rxc5 Rh6 34. Rg5+ Rg6 35. Rd1 h6 36. Rg3 1-0

[Event "Late-Titled-Tuesday-Blitz-December-26-2023"]
[Site "Chess.com"]
[Date "2023.12.26"]
[Round "11"]
[White "lukazz029"]
[Black "Viktor_Poddubnyi"]
[Result "1-0"]
[WhiteElo "2040"]
[BlackElo "2291"]
[TimeControl "180+1"]
[EndTime "16:02:40 PST"]
[Termination "lukazz029 won on time"]

1. e4 g6 2. d4 Bg7 3. c4 Nc6 4. Nf3 e5 5. d5 Nd4 6. Nxd4 exd4 7. Be2 d6 8. O-O c5 9. dxc6 bxc6 10. f4 Ne7 11. Nd2 O-O 12. Nf3 c5 13. Bd2 Rb8 14. Qc2 Qc7 15. Bd3 f5 16. Rae1 fxe4 17. Bxe4 Nf5 18.
b3 Bd7 19. Ng5 h6 20. Bd5+ Kh8 21. Nf7+ Kh7 22. g4 Ne3 23. Bxe3 dxe3 24. f5 gxf5 25.
gxf5 Bf6 26. Kh1 Bc6 27. Nxh6 Bxd5+ 28. cxd5 Kxh6 29. Qg2 Rg8 30. Qh3+ Kg7 31. Rg1+ Kf7 32. Qh5+ Kf8 33. Rg6 Qf7 34. Rxe3 1-0

[Event "Late-Titled-Tuesday-Blitz-December-26-2023"]
[Site "Chess.com"]
[Date "2023.12.26"]
[Round "11"]
[White "Fan_Of_Chucky"]
[Black "VitorBronson"]
[Result "1-0"]
[WhiteElo "2479"]
[BlackElo "2521"]
[TimeControl "180+1"]
[EndTime "16:02:41 PST"]
[Termination "Fan_Of_Chucky won on time"]

1. g4 c5 2. f4 e5 3. h4 exf4 4. d4 Be7 5. g5 h6 6. dxc5 hxg5 7. Nc3 g4 8. Bxf4 Bxh4+ 9. Kd2 Nh6 10. Kc1 Bg5 11.
Qd2 Bxf4 12. Qxf4 O-O 13. Nd5 Na6 14. Rxh6 gxh6 15. Qxh6 f5 16. Qg6+ Kh8 17. Qh6+ Kg8 18. e3 Nxc5 19. Qg6+ Kh8 20. Qh6+ Kg8 21. Bc4 Ne6 22. Nh3 b5 23. Bb3 gxh3 24. Kd2 Qg5 25. Ne7+ Kf7 26. Qxg5 1-0

[Event "Late-Titled-Tuesday-Blitz-December-26-2023"]
[Site "Chess.com"]
[Date "2023.12.26"]
[Round "11"]
[White "ahkashefi2800"]
[Black "StellarChess"]
[Result "0-1"]
[WhiteElo "2606"]
[BlackElo "2562"]
[TimeControl "180+1"]
[EndTime "16:02:42 PST"]
[Termination "StellarChess won by resignation"]

1. d4 a6 2. e4 c6 3. c4 d5 4.
exd5 cxd5 5. Nc3 dxc4 6. Bxc4 e6 7. Nf3 Nf6 8. Bg5 Be7 9. O-O O-O 10. Rc1 b5 11. Bd3 Bb7 12. Bb1 b4 13. Ne2 Ne4 14. Be3 Nd7 15. Ng3 Nxg3 16. hxg3 Nf6 17. Re1 Qd5 18. Bg5 h6 19. Bxf6 Bxf6 20. Qa4 Bxd4 21.
Be4 Qd6 22. Bxb7 Bxf2+ 23. Kxf2 Qb6+ 24. Kf1 Qxb7 25. Qc6 Qb8 26. Kf2 Rd8 27. Red1 Qa7+ 28. Kf1 Qe3 29. Qc2 a5 30. Rxd8+ Rxd8 31. b3 g5 32. Qe2 Qxc1+ 33. Kf2 Qc5+ 34. Kf1 Qc1+ 35. Kf2 Rc8 36. Nd4 Qc5 37. Qc4 Qxc4 38. bxc4 Rxc4 39. Ke3 Rc3+ 40. Ke4 Rxg3 41. Nc6 Rxg2 42. a4 Ra2 43. Nxa5 Rxa4 44. Nc6 b3+ 45. Kd3 b2 46. Ne5 b1=Q+ 47. Kc3 Qa1+ 48. Kc2 Qxe5 49. Kb3 Rd4 0-1

[Event "Late-Titled-Tuesday-Blitz-December-26-2023"]
[Site "Chess.com"]
[Date "2023.12.26"]
[Round "11"]
[White "SocoLoco"]
[Black "Nick12772"]
[Result "1/2-1/2"]
[WhiteElo "2132"]
[BlackElo "2281"]
[TimeControl "180+1"]
[EndTime "16:02:45 PST"]
[Termination "Game drawn by repetition"]

1. e4 e6 2. d3 d5 3. f4 dxe4 4. Nc3 Nf6 5. Bd2 e3 6. Bxe3 Bb4 7. Nf3 O-O 8. Be2 Nc6 9. O-O b6 10. a3 Be7 11. Ne4 Nxe4 12. dxe4 Qxd1 13. Rfxd1 Rd8 14. Kf2 Bb7 15. c4 Bf6 16. e5 Be7 17. b4 Rxd1 18. Rxd1 Rd8 19. Nd4 Nxd4 20. Rxd4 Rxd4 21. Bxd4 g6 22. g4 Bh4+ 23. Ke3 Kf8 24. Bd3 Ke8 25. a4 Be1 26. b5 Bh4 27. Be4 Bxe4 28. Kxe4 Be1 29.
h3 Kd7 30. f5 Bd2 31. h4 Be1 32. h5 exf5+ 33. gxf5 gxh5 34. Kf4 h4 35. Kg4 Bg3 36. Bc3 Ke8 37. Bd4 Kd7 38. Bc3 Ke8 39. Bd4 Ke7 40. Bc3 Kf8 41. Bd4 Ke8 42. Bc3 Ke7 43. Bd4 Kd7 1/2-1/2

[Event "Late-Titled-Tuesday-Blitz-December-26-2023"]
[Site "Chess.com"]
[Date "2023.12.26"]
[Round "11"]
[White "CFalcons8"]
[Black "Defenstrator"]
[Result "1-0"]
[WhiteElo "2287"]
[BlackElo "2447"]
[TimeControl "180+1"]
[EndTime "16:02:46 PST"]
[Termination "CFalcons8 won by resignation"]

1. d4 d5 2. c4 Nd7 3. cxd5 Ndf6 4. Nc3 Nxd5 5. e4 Nxc3 6. bxc3 c5 7. Bc4 Nf6 8. e5 Nd5 9. Ne2 e6 10. O-O Be7 11.
f4 O-O 12. a4 b6 13. Bd3 Nxc3 14. Nxc3 Qxd4+ 15. Rf2 Qxc3 16. Bb2 Qb4 17. Qc2 g6 18. Bc3 Bb7 19. Bxb4 cxb4 20. Kh1 Rac8 21. Qe2 Bc5 22. Rff1 Bd4 23. Rab1 Bc3 24. Be4 Bd5 25. Bxd5 exd5 26. f5 Rce8 27. e6 fxe6 28. fxe6 Rxf1+ 29. Rxf1 b3 30.
Qf3 1-0

[Event "Late-Titled-Tuesday-Blitz-December-26-2023"]
[Site "Chess.com"]
[Date "2023.12.26"]
[Round "11"]
[White "Korchmar_Vasiliy"]
[Black "grandemestregringo"]
[Result "0-1"]
[WhiteElo "2783"]
[BlackElo "2687"]
[TimeControl "180+1"]
[EndTime "16:02:48 PST"]
[Termination "grandemestregringo won on time"]

1. e4 e5 2. Nf3 Nc6 3. Bc4 Nf6 4. d3 Be7 5. Nc3 d6 6. a4 O-O 7. O-O Kh8 8. Re1 Nd7 9. Nd5 Nb6 10. Bb3 Bg4 11. Nxe7 Qxe7 12. a5 Nd7 13. Be3 f5 14.
exf5 Rxf5 15. a6 Bxf3 16. axb7 Rb8 17. gxf3 Nb6 18. f4 Rxb7 19. Qg4 Qf6 20. Qg2 d5 21. fxe5 Nxe5 22. f4 Ned7 23. Kh1 h6 24. c3 c5 25. d4 c4 26. Bc2 Nc8 27. Bxf5 Qxf5 28. Ra5 Nf6 29. Rg1 Nd6 30. Rc5 Qh5 31. Rc6 Nf5 32.
Bc1 Ne4 0-1

[Event "Late-Titled-Tuesday-Blitz-December-26-2023"]
[Site "Chess.com"]
[Date "2023.12.26"]
[Round "11"]
[White "hangemhigh"]
[Black "staz_staz"]
[Result "1-0"]
[WhiteElo "2469"]
[BlackElo "2273"]
[TimeControl "180+1"]
[EndTime "16:02:51 PST"]
[Termination "hangemhigh won by checkmate"]

1. d4 d5 2. Nc3 Nf6 3. Bf4 c5 4.
e3 Bf5 5. Nf3 e6 6. Nb5 Na6 7.
c3 Be7 8. h3 O-O 9. Be2 h6 10.
g4 Be4 11. Rg1 Nh7 12. Nd2 Bg6 13. Bg3 Bh4 14. Bh2 Ng5 15. Bf1 Ne4 16. Nxe4 Bxe4 17. Bg2 f5 18. gxf5 Rxf5 19. Bxe4 Rxf2 20. Bg3 Qf6 21.
Qg4 Bxg3 22. Qxg3 Rxb2 23. Rb1 Rxb1+ 24. Bxb1 cxd4 25. Nxd4 Nc5 26. Ke2 Rc8 27. Rf1 Qe7 28. Qg6 Ne4 29. Bxe4 dxe4 30. Nxe6 Qd6 31. Qxg7# 1-0

[Event "Late-Titled-Tuesday-Blitz-December-26-2023"]
[Site "Chess.com"]
[Date "2023.12.26"]
[Round "11"]
[White "dosto07"]
[Black "IlanSchnaider"]
[Result "0-1"]
[WhiteElo "2531"]
[BlackElo "2672"]
[TimeControl "180+1"]
[EndTime "16:02:53 PST"]
[Termination "IlanSchnaider won by resignation"]

1. e4 c5 2. Nf3 d6 3. Bb5+ Bd7 4. Bxd7+ Qxd7 5. O-O Nf6 6. Qe2 Nc6 7. c3 e6 8. d4 cxd4 9. cxd4 d5 10. e5 Ne4 11.
Nbd2 Nxd2 12. Bxd2 Be7 13. g3 O-O 14. Kg2 h6 15. h4 f5 16. exf6 Rxf6 17. Bf4 Raf8 18. Ne5 Nxe5 19. Bxe5 Rf5 20. Rae1 Bb4 21. Rd1 Bd6 22.
Bxd6 Qxd6 23. Rde1 R8f6 24. Qe3 h5 25. Re2 Rg6 26. Rfe1 Kh7 27. Qd3 a6 28. Rxe6 Rxe6 29. Qxf5+ Rg6 30. Qxh5+ Kg8 31. Re5 Qc6 32. Qf3 Rd6 33.
Re7 Rf6 34. Qg4 Rf7 35. Rxf7 Kxf7 36. Qf5+ Kg8 37. h5 Qc4 38. Qe6+ Kh8 39. Qe8+ Kh7 40. Qg6+ Kh8 41. Qe8+ Kh7 42. Qg6+ Kh8 43. Qg4 b5 44. b3 Qc2 45. Qc8+ Qxc8 0-1

[Event "Late-Titled-Tuesday-Blitz-December-26-2023"]
[Site "Chess.com"]
[Date "2023.12.26"]
[Round "11"]
[White "norman927"]
[Black "Cambek64"]
[Result "0-1"]
[WhiteElo "2294"]
[BlackElo "2418"]
[TimeControl "180+1"]
[EndTime "16:02:55 PST"]
[Termination "Cambek64 won by resignation"]

1. e4 e6 2. d4 d5 3. Nc3 Nc6 4. Nf3 Nf6 5. Bd3 Nb4 6. e5 Nd7 7. Ne2 c5 8. c3 Nxd3+ 9. Qxd3 Be7 10. O-O O-O 11. Bf4 b6 12. Rfe1 a5 13. Ng3 Ba6 14.
Qe3 a4 15. h4 a3 16. b3 Rc8 17. h5 cxd4 18. cxd4 Rc2 19. h6 g6 20. Bg5 Bxg5 21.
Nxg5 Qe7 22. Qf4 Rfc8 23. Qg4 Bd3 24. Re3 Bf5 25. Nxf5 exf5 26. Qf4 Nf8 27. e6 Nxe6 28.
Nxe6 fxe6 29. Rae1 Rc1 30. Kh2 Rxe1 31. Rxe1 Qc7 32.
Re5 Kf7 33. Qg3 Qe7 34. f4 Rc2 35. Qd3 Rxa2 36. Kg3 Rb2 37. Qc3 g5 38. Qc8 gxf4+ 39. Kf3 Rxb3+ 40. Ke2 Re3+ 41. Kd2 a2 42. Qh8 Qb4+ 43. Kd1 a1=Q+ 0-1

[Event "Late-Titled-Tuesday-Blitz-December-26-2023"]
[Site "Chess.com"]
[Date "2023.12.26"]
[Round "11"]
[White "rasmussvane"]
[Black "Alexander_Khlebovich"]
[Result "0-1"]
[WhiteElo "2903"]
[BlackElo "2827"]
[TimeControl "180+1"]
[EndTime "16:02:56 PST"]
[Termination "Alexander_Khlebovich won on time"]

1. b3 b6 2. Bb2 Bb7 3. Nf3 Nf6 4. e3 e6 5. d4 Be7 6. Bd3 O-O 7. O-O c5 8. Nbd2 Nc6 9. Qe2 Nb4 10. dxc5 bxc5 11. e4 Nxd3 12. cxd3 d6 13. d4 cxd4 14. Nxd4 Qb6 15.
Nc4 Qa6 16. e5 dxe5 17. Qxe5 Rad8 18. Nf5 exf5 19. Qxe7 Qc6 20. f3 Rfe8 21. Qa3 Ba6 22. Rac1 Nd5 23. Rf2 Bxc4 24. bxc4 Nf4 25. Rcf1 Qxc4 26.
Qxa7 Ra8 27. Qb6 Rab8 28. Qd4 Qxd4 29. Bxd4 Ne2+ 30. Rxe2 Rxe2 31. a3 Rd8 32. Bc5 Rdd2 33. Bf2 Ra2 34. g3 f6 35. f4 Rxa3 36. Kg2 Kf7 37. Rb1 Kg6 38. Kf1 Rc2 39. Kg2 Raa2 40. Rf1 Kh5 41. h3 g5 0-1

[Event "Late-Titled-Tuesday-Blitz-December-26-2023"]
[Site "Chess.com"]
[Date "2023.12.26"]
[Round "11"]
[White "slidingknight2775"]
[Black "Balla_Tamas"]
[Result "1-0"]
[WhiteElo "2659"]
[BlackElo "2424"]
[TimeControl "180+1"]
[EndTime "16:02:59 PST"]
[Termination "slidingknight2775 won by checkmate"]

1. Nf3 c5 2. g3 Nc6 3. Bg2 g6 4. c3 Bg7 5. d4 cxd4 6. cxd4 d5 7. O-O Nf6 8. Ne5 O-O 9. Nc3 Be6 10. Nxc6 bxc6 11.
Na4 Qc8 12. b3 Bh3 13. Ba3 Re8 14. Rc1 Bxg2 15. Kxg2 Ne4 16. f3 Ng5 17. Qc2 Qh3+ 18. Kg1 Bxd4+ 19. Kh1 Rac8 20. Bc5 Bxc5 21. Nxc5 e5 22.
e4 dxe4 23. fxe4 Ne6 24. Nd7 Kh8 25. Nxe5 f5 26. Nf7+ Kg8 27. Nd6 fxe4 28. Nxc8 Rxc8 29. Qxe4 Rd8 30. Qg2 Qg4 31. Rc4 Qg5 32. Qxc6 Nd4 33. Qe4 Nf5 34. Qe6+ Kg7 35. Qe5+ Kh6 36. Qf4 Qxf4 37.
Rcxf4 Rd2 38. R4f2 Rd3 39. Re1 Nd4 40. Kg2 Nf5 41.
Rfe2 Rc3 42. Kg1 Kg5 43. Rf2 Nd4 44. Ref1 h5 45. Kg2 h4 46. gxh4+ Kh5 47. Rf4 Nf5 48.
Rxf5+ gxf5 49. Rxf5+ Kxh4 50. Ra5 Rc7 51. Kf3 Kh3 52.
Rh5# 1-0

[Event "Late-Titled-Tuesday-Blitz-December-26-2023"]
[Site "Chess.com"]
[Date "2023.12.26"]
[Round "11"]
[White "campochess"]
[Black "powermove"]
[Result "1-0"]
[WhiteElo "2170"]
[BlackElo "2021"]
[TimeControl "180+1"]
[EndTime "16:03:03 PST"]
[Termination "campochess won on time"]

1. c4 g6 2. d4 c6 3. Nc3 d5 4.
e3 Nf6 5. Nf3 Bg7 6. Ne5 O-O 7.
Be2 dxc4 8. Nxc4 Nbd7 9. O-O Re8 10. b3 Qc7 11. Bb2 e5 12. dxe5 Nxe5 13. Nxe5 Qxe5 14. Na4 Qc7 15. Rc1 Bf5 16. Qe1 Ng4 17. Bxg4 Bxg4 18. Bxg7 Kxg7 19. Qb4 Bf5 20. Nc5 b6 21. Na4 Re4 22.
Qc3+ Qe5 23. Qxe5+ Rxe5 24. Rxc6 Be4 25. Rc7 Rg5 26.
f3 Bd5 27. e4 Be6 28. Rd1 h5 29. h4 Rb5 30. Nc3 Ra5 31. Rd6 Kf8 32. b4 Ra3 33.
Kf2 a5 34. b5 Bxa2 35. Nxa2 Rxa2+ 36. Kg3 Kg8 37. Rdd7 Rf8 38. Rb7 Rb2 39. Rxb6 a4 40. Ra7 Rb4 41. Rbb7 Kg7 42. Kf4 Kf6 43. g4 hxg4 44.
fxg4 g5+ 45. hxg5+ Kg6 46. Rb6+ Kg7 47. Kf5 Rc4 48. Rbb7 Rb4 49. e5 1-0

[Event "Late-Titled-Tuesday-Blitz-December-26-2023"]
[Site "Chess.com"]
[Date "2023.12.26"]
[Round "11"]
[White "SmirnovTimofey2000"]
[Black "C_K_G"]
[Result "0-1"]
[WhiteElo "1981"]
[BlackElo "2073"]
[TimeControl "180+1"]
[EndTime "16:03:04 PST"]
[Termination "C_K_G won by resignation"]

1. d4 d5 2. Bf4 e6 3. e3 Nf6 4. Nd2 Bd6 5. Bg3 O-O 6. Ngf3 c5 7.
c3 Nc6 8. Bd3 Re8 9. Ne5 Bxe5 10. dxe5 Nd7 11. f4 g6 12. O-O f6 13. exf6 Nxf6 14. Nf3 Ng4 15. Qe2 c4 16. Bc2 Qb6 17. Nd4 Nxd4 18. exd4 Qxb2 19. Rab1 Qxc3 20. Bxg6 Qxd4+ 21. Kh1 hxg6 22. Qxg4 Kg7 23. Bf2 Qf6 24. Rbd1 e5 25. Qf3 Qxf4 26. Qxd5 Rf8 27. Bg1 Qxf1 28. Rxf1 Rxf1 29. Qxe5+ Kh7 30. Qe7+ Kg8 31. Qe6+ Bxe6 0-1